 Dungeon Crawl Stone Soup version 0.31-a0-152-g6aa68a64a1 (webtiles) character file.

Game seed: 16357328950394823492

1173 qw the Skirmisher (level 8, 0/49 HPs)
             Began as a Gargoyle Hunter on June 11, 2023.
             Was a Believer of Okawaru.
             Slain by a sky beast (1 damage)
             ... on level 7 of the Dungeon.
             The game lasted 00:01:52 (4648 turns).

qw the Skirmisher (Gargoyle Hunter)                 Turns: 4648, Time: 00:01:52

Health: 0/49       AC: 12    Str: 15    XL:     8   Next: 41%
Magic:  8/8        EV: 11    Int: 10    God:    Okawaru [**....]
Gold:   261        SH:  0    Dex: 15    Spells: 7/7 levels left

rFire   . . .        Y - +4 orcbow (heavy)
rCold   + . .        (shield currently unavailable)
rNeg    + . .        i - +0 ring mail
rPois   inf          (no helmet)
rElec   +            (no cloak)
rCorr   .            j - +0 pair of gloves
SInv    .            (no boots)
Will    .....        (no amulet)
Stlth   +            f - ring of protection from cold
HPRegen 0.28/turn    (no ring)
MPRegen 0.11/turn

%: no passive effects
@: no status effects
A: sickness immunity, AC +5, negative energy resistance 1, electricity
resistance, torment resistance 1, petrification resistance, talons 1, noise
suppression
a: Renounce Religion, Heroism


You were on level 7 of the Dungeon.
You worshipped Okawaru.
Okawaru was pleased with you.
You visited 2 branches of the dungeon, and saw 8 of its levels.

You collected 261 gold pieces.


Innate Abilities, Weirdness & Mutations

You are immune to sickness and miasma.
Your stone body is resilient. (AC +5)
You are immune to poison.
You resist negative energy. (rN+)
You are resistant to electric shocks. (rElec)
You are resistant to unholy torment.
You are immune to petrification.
You have sharp toenails.
You passively dampen the noise of your surroundings.


   Skills:
 - Level 5.2 Fighting
 - Level 9.2 Ranged Weapons
 + Level 1.7 Armour
 - Level 2.1 Dodging
 - Level 1.1 Stealth
 - Level 0.7 Invocations


You had 7 spell levels left.
You didn't know any spells.
Your spell library was empty.

Inventory:

Hand Weapons
 Y - a +4 heavy orcbow (weapon)
Armour
 i - a +0 ring mail (worn)
 j - a +0 pair of gloves (worn)
Jewellery
 f - a ring of protection from cold (left hand)
Scrolls
 c - 2 scrolls of identify
Potions
 b - 2 potions of curing
 d - a potion of attraction
 g - a potion of mutation

Dungeon Overview and Level Annotations

Branches:
Dungeon (7/15)             Temple (1/1) D:4

Altars:
Cheibriados
Fedhas
Gozag
Hepliaklqana
Makhleb
Okawaru
Qazlal
Ru
Sif Muna
Trog
Uskayaw
Vehumet
Wu Jian
Xom
Zin


Message History

Pikel barely misses you.
You shoot an arrow. The arrow closely misses Pikel.
Pikel hits you with a +0 whip of flaming.
Pikel burns you. Something hits you but does no damage.
Pikel closely misses you. Something hits you. Something shocks you. You resist.
You shoot an arrow. The arrow misses Pikel.
Pikel waves his whip at you.
Pikel hits you with a +0 whip of flaming.
Pikel burns you. Something hits you but does no damage.
You shoot an arrow. The arrow barely misses Pikel.
Pikel hits you with a +0 whip of flaming.
Pikel burns you. Something hits you but does no damage. Something hits you.
Something shocks you. You resist. Pikel closely misses you.
4643 ||| DRINKING potion of heal wounds.
You feel much better.
Pikel hits you with a +0 whip of flaming.
Pikel burns you. Something hits you but does no damage.
You shoot an arrow. The arrow hits Pikel!
Pikel is moderately wounded.
Pikel hits you with a +0 whip of flaming.
Pikel burns you. Something hits you. Something shocks you. You resist.
Pikel barely misses you. Something hits you. Something shocks you. You resist.
You shoot an arrow. The arrow hits Pikel!
Pikel is severely wounded.
Pikel hits you with a +0 whip of flaming.
Pikel burns you. Something hits you but does no damage.
You shoot an arrow. The arrow completely misses Pikel.
Pikel hits you but does no damage. Something hits you but does no damage.
Pikel barely misses you. Something hits you but does no damage.
You shoot an arrow. The arrow closely misses Pikel.
Pikel hits you with a +0 whip of flaming!
Pikel burns you. Something hits you but does no damage.
Pikel hits you with a +0 whip of flaming.
Pikel burns you. Something hits you. Something shocks you. You resist.
You shoot an arrow. The arrow hits Pikel!
You kill Pikel!
Okawaru is honoured by your kill.
You can now gain great but temporary skills.
Something hits you.
You die...

.....# .....
.#...... .....
........
......
...#>.[.
......
......##......
... .........
#.##{)......
#...@.......
#......#....
#..##.#..# .
+..# .......
#..####...#.
#....##.#...
#...<.......
+...........
#...~~~~~~~.


There were no monsters in sight!

Vanquished Creatures
  Pikel (D:7)
  A water moccasin (D:6)
  A black bear (D:6)
  An ice beast (D:6)
  4 lemures (D:7)
  A centaur (D:5)
  Blork the orc (D:5)
  A kobold brigand (D:6)
  A scorpion (D:5)
  3 killer bees (D:6)
  3 hounds
  2 jellies (D:4)
  2 orc priests (D:6)
  2 iguanas
  An orc wizard (D:6)
  9 adders
  A white imp (D:7)
  An ufetubus (D:6)
  5 dart slugs
  6 orcs
  8 bats
  7 endoplasms
  5 giant cockroaches
  7 goblins
  6 hobgoblins
  3 quokkas
  7 ball pythons
  4 frilled lizards
  11 kobolds
  7 rats
112 creatures vanquished.

Vanquished Creatures (others)
  An orc wizard (D:4)
1 creature vanquished.

Grand Total: 113 creatures vanquished

Notes
Turn   | Place    | Note
-------+----------+-------------------------------------------
     0 | D:1      | qw the Gargoyle Hunter began the quest for the Orb.
     0 | D:1      | Reached XP level 1. HP: 12/12 MP: 1/1
     0 | D:1      | 0 ||| qw: Version: 0.2-a-29-g99eb96e
     0 | D:1      | 0 ||| qw: Game counter: 4098
     0 | D:1      | 0 ||| qw: Always use a shield: true
     0 | D:1      | 0 ||| qw: God list: Okawaru
     0 | D:1      | 0 ||| qw: Allow faded altars: false
     0 | D:1      | 0 ||| qw: Do Orc after D:15 true
     0 | D:1      | 0 ||| qw: Do second Lair branch before Depths: true
     0 | D:1      | 0 ||| qw: Lair rune preference: random
     0 | D:1      | 0 ||| qw: Plans: Normal, Zot:1-4, Slime:5, God:TSO, Crypt,
                  | Tomb, Abyss, Pan, Hells, Win
     0 | D:1      | 0 ||| PLANNING D:1-11
    71 | D:1      | 71 ||| FLEEEEING.
    72 | D:1      | 72 ||| FLEEEEING.
    83 | D:1      | Reached XP level 2. HP: 17/17 MP: 2/2
   114 | D:1      | 114 ||| Stepping ~*~*~tactically~*~*~ (outnumbered).
   217 | D:1      | Reached XP level 3. HP: 21/21 MP: 3/3
   272 | D:1      | Reached skill level 5 in Ranged Weapons
   400 | D:1      | 400 ||| READING scroll labelled QARCHETI SUTYA.
   400 | D:1      | Identified a scroll of acquirement
   400 | D:1      | 400 ||| ACQUIRING +7 shortbow "Boorhiug" {drain, rPois rF+
                  | rN+ Int+2}
   400 | D:1      | Acquired the +7 shortbow "Boorhiug" {drain, rPois rF+ rN+
                  | Int+2}
   405 | D:1      | 405 ||| SWAPPING to +7 shortbow "Boorhiug" {drain, rPois
                  | rF+ rN+ Int+2}.
   817 | D:1      | 817 ||| DRINKING 2 fizzy amethyst potions.
   818 | D:1      | 818 ||| DROPPING scroll of butterflies.
   920 | D:2      | Reached skill level 3 in Fighting
  1049 | D:2      | Reached XP level 4. HP: 28/28 MP: 4/4
  1207 | D:2      | 1207 ||| READING 3 scrolls labelled YSAMEAXIVEE.
  1208 | D:2      | 1208 ||| READING scroll labelled INKOIM ETHOSOS.
  1209 | D:2      | 1209 ||| READING 3 scrolls labelled URPHITO HAA.
  1210 | D:2      | 1210 ||| DRINKING 3 white potions.
  1211 | D:2      | 1211 ||| DROPPING 2 scrolls of amnesia.
  1212 | D:2      | 1212 ||| DROPPING 2 scrolls of blinking.
  1316 | D:3      | Found a faded altar of an unknown god.
  1322 | D:3      | Found a hazy altar of Hepliaklqana.
  1513 | D:3      | Found a faded altar of an unknown god.
  1630 | D:3      | 1630 ||| SWAPPING to +0 arbalest.
  1635 | D:3      | 1635 ||| DROPPING +0 shortbow.
  1643 | D:3      | Found a shimmering altar of Xom.
  1675 | D:3      | 1675 ||| UPGRADING to +0 ring mail.
  1685 | D:3      | 1685 ||| DROPPING +0 leather armour.
  1686 | D:3      | 1686 ||| READING scroll labelled DUKARI RIUTUPP.
  1727 | D:4      | Reached skill level 1 in Armour
  1727 | D:4      | Reached XP level 5. HP: 32/32 MP: 5/5
  1728 | D:4      | 1728 ||| STAIRDANCE
  1768 | D:4      | Reached skill level 6 in Ranged Weapons
  1794 | D:4      | Found a staircase to the Ecumenical Temple.
  1795 | D:4      | 1795 ||| PLANNING TEMPLE
  1809 | Temple   | Entered the Ecumenical Temple
  1810 | Temple   | 1810 ||| PLANNING OKAWARU WORSHIP
  1816 | Temple   | Became a worshipper of Warmaster Okawaru
  1816 | Temple   | 1816 ||| PLANNING D:1-11
  1831 | D:4      | 1831 ||| STAIRDANCE
  1835 | D:4      | 1835 ||| STAIRDANCE
  1839 | D:4      | 1839 ||| STAIRDANCE
  1843 | D:4      | 1843 ||| STAIRDANCE
  1847 | D:4      | 1847 ||| STAIRDANCE
  1851 | D:4      | 1851 ||| STAIRDANCE
  1855 | D:4      | 1855 ||| STAIRDANCE
  1859 | D:4      | 1859 ||| STAIRDANCE
  1863 | D:4      | 1863 ||| STAIRDANCE
  1867 | D:4      | 1867 ||| STAIRDANCE
  1871 | D:4      | 1871 ||| STAIRDANCE
  1875 | D:4      | 1875 ||| STAIRDANCE
  1879 | D:4      | 1879 ||| STAIRDANCE
  1883 | D:4      | 1883 ||| STAIRDANCE
  1887 | D:4      | 1887 ||| STAIRDANCE
  1891 | D:4      | 1891 ||| STAIRDANCE
  1895 | D:4      | 1895 ||| STAIRDANCE
  1899 | D:4      | 1899 ||| STAIRDANCE
  1903 | D:4      | 1903 ||| STAIRDANCE
  2012 | D:4      | Reached XP level 6. HP: 24/38 MP: 6/6
  2089 | D:4      | 2089 ||| FLEEEEING.
  2149 | D:4      | Found a shimmering blue altar of Sif Muna.
  2350 | D:4      | 2350 ||| DRINKING 2 fizzy purple potions.
  2357 | D:5      | Entered Level 5 of the Dungeon
  2498 | D:5      | Noticed Blork the orc
  2506 | D:5      | Killed Blork the orc
  2727 | D:5      | HP: 8/38 [centaur/arrow (10)]
  2728 | D:5      | 2728 ||| DRINKING 2 potions of heal wounds.
  2731 | D:5      | Reached skill level 7 in Ranged Weapons
  2811 | D:5      | 2811 ||| SWAPPING to +2 orcbow of freezing.
  2812 | D:5      | 2812 ||| DROPPING +0 arbalest.
  2840 | D:5      | Found an ornate altar of the Wu Jian Council.
  2843 | D:5      | Found a snail-covered altar of Cheibriados.
  2843 | D:5      | Found a glowing silver altar of Zin.
  2856 | D:5      | Found a radiant altar of Vehumet.
  2859 | D:5      | Found an opulent altar of Gozag.
  2869 | D:5      | Reached XP level 7. HP: 40/43 MP: 7/7
  3482 | D:5      | 3482 ||| READING scroll labelled VALUKESIJI.
  3483 | D:5      | 3483 ||| READING 2 scrolls labelled KIOROSOATZ.
  3484 | D:5      | 3484 ||| READING scroll of enchant weapon.
  3484 | D:5      | 3484 ||| ENCHANTING +3 orcbow of freezing.
  3485 | D:5      | 3485 ||| DROPPING +7 shortbow "Boorhiug" {drain, rPois rF+
                  | rN+ Int+2}.
  3486 | D:5      | 3486 ||| DRINKING 2 fuming dark potions.
  3486 | D:5      | Gained mutation: You have sharp toenails. [potion of
                  | mutation]
  3486 | D:5      | Gained mutation: You passively dampen the noise of your
                  | surroundings. [potion of mutation]
  3536 | D:6      | Reached skill level 8 in Ranged Weapons
  4011 | D:6      | 4011 ||| FLEEEEING.
  4012 | D:6      | 4012 ||| FLEEEEING.
  4017 | D:6      | 4017 ||| FLEEEEING.
  4018 | D:6      | 4018 ||| FLEEEEING.
  4019 | D:6      | 4019 ||| FLEEEEING.
  4020 | D:6      | 4020 ||| FLEEEEING.
  4021 | D:6      | 4021 ||| FLEEEEING.
  4022 | D:6      | 4022 ||| FLEEEEING.
  4023 | D:6      | 4023 ||| FLEEEEING.
  4024 | D:6      | 4024 ||| FLEEEEING.
  4030 | D:6      | 4030 ||| FLEEEEING.
  4031 | D:6      | 4031 ||| FLEEEEING.
  4032 | D:6      | 4032 ||| FLEEEEING.
  4033 | D:6      | 4033 ||| FLEEEEING.
  4054 | D:6      | Reached * piety under Okawaru
  4238 | D:6      | 4238 ||| INVOKING Heroism.
  4252 | D:6      | Reached XP level 8. HP: 44/49 MP: 6/8
  4333 | D:6      | 4333 ||| INVOKING Heroism.
  4354 | D:6      | Found a blossoming altar of Fedhas.
  4385 | D:6      | 4385 ||| INVOKING Heroism.
  4467 | D:6      | Reached skill level 9 in Ranged Weapons
  4549 | D:6      | 4549 ||| UPGRADING to +0 pair of gloves.
  4554 | D:6      | 4554 ||| UPGRADING to ring of protection from cold.
  4555 | D:6      | 4555 ||| READING scroll labelled FAQUNL CIWNATY.
  4556 | D:6      | 4556 ||| READING scroll labelled VIVIUN QOWN.
  4557 | D:6      | 4557 ||| READING 3 scrolls of identify.
  4557 | D:6      | 4557 ||| IDENTIFYING smoky golden potion
  4558 | D:6      | 4558 ||| DROPPING potion of berserk rage.
  4628 | D:7      | Noticed Pikel
  4635 | D:7      | HP: 12/49 [Pikel/+0 whip of flaming (3)]
  4636 | D:7      | 4636 ||| DRINKING 2 potions of heal wounds.
  4642 | D:7      | HP: 11/49 [something (3)]
  4643 | D:7      | 4643 ||| DRINKING potion of heal wounds.
  4647 | D:7      | HP: 11/49 [Pikel/+0 whip of flaming (7)]
  4647 | D:7      | HP: 5/49 [Pikel/+0 whip of flaming (1)]
  4647 | D:7      | HP: 2/49 [something (3)]
  4648 | D:7      | Killed Pikel
  4648 | D:7      | Reached ** piety under Okawaru
  4648 | D:7      | Slain by a sky beast

Levels and vault maps discovered:
D:1:      saegor_arrival_simple_d, layout_basic, serial_forest,
          infiniplex_forest_clump_curved, infiniplex_forest_corner_1,
          infiniplex_forest_straight_4, infiniplex_forest_clump_double,
          infiniplex_forest_lined_2, infiniplex_forest_straight_2,
          infiniplex_forest_side_room, minmay_pentomino_x2
D:2:      layout_basic
D:3:      layout_basic, nicolae_overflow_crystal_walls,
          nicolae_overflow_ecumenical_swirl,
          shapermc_ecumenical_altar_mp_urbaneastern
D:4:      layout_rooms, tgw_sif, minmay_temple_entry_mini_moons,
          ebering_dispersal_statue_hall, st_stairs_6
D:5:      layout_basic, minmay_overflow_temple_star_hex, serial_aquarium,
          aquarium_bridge_straight [aquarium_subvault_bridge,
          aquarium_subvault_wall, aquarium_subvault_bridge,
          aquarium_subvault_window], aquarium_bridge_square
          [aquarium_subvault_wall, aquarium_subvault_bridge,
          aquarium_subvault_window, aquarium_subvault_bridge],
          aquarium_window_corner, aquarium_window_2, aquarium_window_corner,
          aquarium_view_2d, aquarium_view_2c, uniq_blork_the_orc
D:6:      layout_cave_pods, marbit_many_paths, hex_large
D:7:      layout_rooms, kennysheep_ying_yang, mainiacjoe_overflow_24_doors,
          enter_bailey_3, serial_shops, nicolae_lakefront_shop, chequers_garden,
          uniq_pikel
Temple:   hellmonk_temple_micro_hex

Skill      XL: |  1  2  3  4  5  6  7  8 |
---------------+-------------------------+-----
Ranged Weapons | 5 6 7 8 9 |  9.2
Fighting       | 3 4 5 |  5.2
Armour         | 1 |  1.7
Dodging        | 2 |  2.1
Stealth        | |  1.1
Invocations    | |  0.7

Action                     |  1- 3 |  4- 6 |  7- 9 || total
---------------------------+-------+-------+-------++-------
   Fire: Shortbow          |    74 |    32 |       ||   106
         Arbalest          |       |    75 |       ||    75
         Orcbow            |       |     9 |   112 ||   121
 Invoke: Heroism           |       |       |     3 ||     3
    Use: Scroll            |     1 |     4 |     6 ||    11
         Potion            |     1 |     3 |     3 ||     7
 Armour: Leather armour    |     6 |     5 |       ||    11
         Ring mail         |       |    14 |    58 ||    72
  Dodge: Dodged            |    15 |    50 |    52 ||   117

Table legend:
 A = Non-vault XP
 B = Vault XP
 C = Vault XP percentage of total XP
 D = Non-vault monster count
 E = Vault monster count
 F = Vault count percentage of total count
                 A         B        C        D         E       F
            +---------+---------+-------+---------+---------+-------
      Total |    1417 |     911 |  39.1 |     102 |       7 |   6.4
            +---------+---------+-------+---------+---------+-------
        D:1 |      61 |       6 |   9.0 |      33 |       2 |   5.7
        D:2 |      43 |       0 |   0.0 |      13 |       0 |   0.0
        D:3 |      64 |       0 |   0.0 |      17 |       0 |   0.0
        D:4 |     147 |      32 |  17.9 |      10 |       2 |  16.7
        D:5 |     288 |      94 |  24.6 |       6 |       1 |  14.3
        D:6 |     804 |     128 |  13.7 |      22 |       1 |   4.3
        D:7 |      10 |     651 |  98.5 |       1 |       1 |  50.0
            +---------+---------+-------+---------+---------+-------
